AoeStats
← ax

Arena

507926440Analyzed
4v4 RM · 13d ago on Sep 20, 2026· 40m 2s· 8 players
Game mode
Random Map
Map size
Large (8 player)
Population
200
Speed
Normal
Resources
Standard
Victory
Conquest
Starting age
Dark Age
Ending age
Imperial Age
RankedLock teamsTeams togetherTeam positionsShared explorationLock speedFull tech treeHidden civsTurbo modeCheats
Victory
Defeat
🇨🇳 Poles · China
1105
+13
🇹🇼 Lithuanians · Taiwan
1052
+16
🇨🇳 Turks · China
994
+18
🇨🇳 Spanish · China
994
+18
🇬🇧 Celts · United Kingdom
1105
-19
🇮🇳 Franks · India
1096
-18
🇦🇺 Persians · Australia
995
-14
🇲🇽 Khmer · Mexico
978
-14
stanley177777
10:32 Feudal Age
12:33 Double-Bit Axe
16:19 Castle Age
14:08 Loom
17:29 Bow Saw
21:12 Wheelbarrow
22:47 Hand Cart
25:43 Husbandry
25:54 Bloodlines
33:27 Imperial Age
31:41 Forging
31:36 Scale Barding Armor
34:28 Iron Casting
34:13 Chain Barding Armor
34:15 Treadmill Crane
34:23 Treadmill Crane
34:38 Elite Leitis
35:43 Conscription
36:20 Tower Shields
35:55 Pikeman
36:35 Squires
36:21 Arson
37:23 Halberdier
38:57 Gold Mining
38:57 Stone Mining
三条柒
5:01 Loom
12:18 Feudal Age
12:50 Double-Bit Axe
12:47 Horse Collar
13:44 Wheelbarrow
17:14 Castle Age
15:33 Stone Mining
16:09 Gold Mining
18:50 Heavy Plow
20:32 Bow Saw
22:29 Hand Cart
22:00 Town Watch
23:38 Scale Barding Armor
25:42 Chain Barding Armor
25:53 Bloodlines
25:44 Husbandry
25:16 Light Cavalry
26:08 Forging
26:34 Scale Mail Armor
31:18 Imperial Age
29:36 Sanctity
29:31 Fervor
30:12 Husbandry
30:41 Szlachta Privileges
31:54 Fletching
31:40 Cavalier
32:58 Iron Casting
33:21 Fletching
34:45 Blast Furnace
38:35 Block Printing
38:57 Theocracy
38:42 Sanctity
joker
12:25 Feudal Age
13:59 Double-Bit Axe
16:37 Castle Age
14:33 Gold Mining
14:27 Horse Collar
18:05 Loom
21:21 Imperial Age
19:49 Masonry
22:17 Imperial Age
20:02 Bow Saw
22:04 Gold Shaft Mining
21:34 Heavy Plow
33:16 Wheelbarrow
34:11 Scale Barding Armor
35:27 Bloodlines
35:18 Husbandry
34:38 Heavy Camel Rider
36:45 Chain Barding Armor
36:39 Forging
39:29 Conscription
ax
10:03 Feudal Age
14:18 Castle Age
13:03 Double-Bit Axe
13:42 Horse Collar
14:30 Loom
15:09 Heavy Plow
16:51 Gold Mining
18:19 Wheelbarrow
20:58 Bow Saw
24:00 Stone Mining
32:50 Imperial Age
31:57 Stone Shaft Mining
33:43 Hand Cart
33:05 Elite Conquistador
36:18 Two-Man Saw
39:28 Conscription
ThiranoMarck
1:59 Loom
11:18 Feudal Age
17:49 Castle Age
17:02 Horse Collar
17:08 Double-Bit Axe
19:28 Bow Saw
19:19 Heavy Plow
19:12 Gold Mining
19:13 Stone Mining
richbart12
10:26 Feudal Age
13:22 Wheelbarrow
12:46 Double-Bit Axe
16:02 Castle Age
14:01 Horse Collar
18:07 Bow Saw
18:10 Heavy Plow
20:04 Gold Mining
23:54 Hand Cart
27:06 Forging
26:41 Pikeman
.wailord
0:37 Loom
12:00 Feudal Age
13:00 Double-Bit Axe
12:56 Horse Collar
19:40 Castle Age
19:11 Gold Mining
21:10 Wheelbarrow
20:51 Fletching
21:02 Padded Archer Armor
22:04 Bow Saw
22:15 Stone Mining
23:18 Hand Cart
24:27 Stone Shaft Mining
26:10 Gold Shaft Mining
25:36 Heavy Plow
25:25 Crossbowman
26:27 Leather Archer Armor
27:37 Kamandaran
28:34 Bodkin Arrow
29:21 Thumb Ring
30:25 Scale Barding Armor
30:31 Forging
30:47 Town Watch
31:43 Ballistics
36:32 Imperial Age
36:56 Chain Barding Armor
37:12 Iron Casting
37:08 Conscription
37:57 Ring Archer Armor
37:52 Conscription
39:34 Ring Archer Armor
_GeeK_
10:43 Feudal Age
14:43 Castle Age
13:17 Double-Bit Axe
15:50 Bow Saw
22:08 Wheelbarrow
22:46 Gold Mining
25:52 Hand Cart
29:02 Imperial Age
26:19 Loom
26:20 Town Watch
28:23 Gold Shaft Mining
27:40 Stone Mining
28:25 Scale Barding Armor
29:29 Chain Barding Armor
29:20 Forging
29:09 Cavalier
31:14 Chemistry
31:49 Plate Barding Armor
31:52 Iron Casting
31:57 Conscription
31:59 Paladin
32:41 Husbandry
35:56 Blast Furnace
35:13 Fletching
35:24 Padded Archer Armor
35:26 Chivalry
37:17 Bodkin Arrow
37:38 Leather Archer Armor
37:46 Ballistics
Connection lost

Rejoining the realm…

Still unreachable

The connection could not be restored.

Session expired

The server has moved on; the page needs a fresh start.